 Dungeon Crawl Stone Soup version 0.26.0-45-g9c1d065592 (webtiles) character file.

Game seed: 9127348037001696908

235 kaeus the Skirmisher (level 5, -1/43 HPs)
             Began as a Demonspawn Fighter on Jan 28, 2021.
             Was an Initiate of Gozag.
             Slain by Grinder (4 damage)
             ... on level 4 of the Dungeon.
             The game lasted 00:03:58 (3698 turns).

kaeus the Skirmisher (Demonspawn Fighter)           Turns: 3698, Time: 00:03:58

Health: -1/43      AC: 14    Str: 17    XL:     5   Next: 76%
Magic:  0/5        EV:  7    Int: 10    God:    Gozag
Gold:   83         SH:  9    Dex: 12    Spells: 4/4 levels left

rFire    . . .     SeeInvis .   p - +2 dagger (protect)
rCold    + . .     Faith    .   c - +0 kite shield
rNeg     . . .     Spirit   +   b - +0 scale mail
rPois    .         Reflect  .   (no helmet)
rElec    .         Harm     .   (no cloak)
rCorr    .         Rampage  .   (no gloves)
Will     .....                  (no boots)
Stlth    ..........             (no amulet)
HPRegen  0.14/turn              (no ring)
MPRegen  0.09/turn              (no ring)

@: protection aura
A: cold resistance 1, magic shield
a: Renounce Religion, Potion Petition, Call Merchant, Bribe Branch


You were on level 4 of the Dungeon.
You worshipped Gozag.
Gozag was noncommittal.
You visited 1 branch of the dungeon, and saw 4 of its levels.

You collected 106 gold pieces.
You paid 23 gold pieces to Gozag.

Inventory:

Hand Weapons
 a - a +0 trident
 p - a +2 dagger of protection (weapon)
Armour
 b - a +0 scale mail (worn)
 c - a +0 kite shield (worn)
Scrolls
 e - 6 scrolls of identify {unknown}
 f - 3 scrolls of remove curse {unknown}
 i - 2 scrolls of fear {unknown}
 l - 2 scrolls of amnesia {unknown}
 q - a scroll of teleportation {unknown}
 r - a scroll of random uselessness {unknown}
Potions
 d - a potion of might
 g - a potion of berserk rage {unknown}
 h - a potion of attraction {unknown}
 j - 3 potions of heal wounds {unknown}
 k - 2 potions of flight {unknown}
 m - 2 potions of lignification {unknown}
 n - a potion of ambrosia {unknown}
 o - 4 potions of curing {unknown}
 s - a potion of magic {unknown}


   Skills:
 + Level 4.3 Fighting
 - Level 2.2 Polearms
 + Level 4.0 Armour
 + Level 4.0 Shields


You had 4 spell levels left.
You didn't know any spells.
Your spell library contained the following spells:

 Spells                   Type           Power        Failure   Level
 Beastly Appendage        Tmut           0%           99%         1
 Wereblood                Tmut           0%           100%        2
 Spider Form              Tmut/Pois      0%           100%        3
 Ice Form                 Ice/Tmut       0%           100%        4
 Blade Hands              Tmut           0%           100%        5


Dungeon Overview and Level Annotations

Branches:
Dungeon (4/15)             Temple (0/1) D:4

Altars:
Gozag
Ru
Xom

Annotations:
D:4 Grinder


Innate Abilities, Weirdness & Mutations

Your flesh is cold resistant. (rC+)
When hurt, damage is shared between your health and your magic reserves.


Message History

Grinder gestures at you. Pain shoots through your body!
* * * LOW HITPOINT WARNING * * *
You can move again.
You take 15 damage, and have 6/43 hp.
MASSIVE DAMAGE!!
You now have 1/5 mp.
You hit Grinder.
Your weapon exudes an aura of protection.
Grinder is moderately wounded.
Grinder grins, showing sharp teeth.
Grinder completely misses you.
You hit Grinder.
Grinder is heavily wounded.
Grinder barely misses you.
You hit Grinder.
Grinder is heavily wounded.
Grinder hits you.
* * * LOW HITPOINT WARNING * * *
You writhe in agony.
You die...
Your body crumbles into a pile of gold.

..'.......≈§≈>≈§≈######
..#<......≈≈≈≈§≈§.....#
..#........≈≈§§≈......#
..#........ ≈≈≈.......#
###.......# .........+
....####### #.......#
....#....######.......#
....'....#............#
....#....+......@5....#
....#....#............+
....#....#............#
....#....#............#
....#....'.....##+#####
....+....#.....#
....#....#.....#
#...(#.....#
#....#.....#


You could see Grinder.

Vanquished Creatures
  A phantom (D:2)
  Natasha (thrice) (D:3)
  5 adders
  2 orcs (D:3)
  3 giant cockroaches
  4 goblins
  4 hobgoblins
  6 kobolds
  4 rats
32 creatures vanquished.

Notes
Turn   | Place    | Note
-------+----------+-------------------------------------------
     0 | D:1      | kaeus the Demonspawn Fighter began the quest for the Orb.
     0 | D:1      | Reached XP level 1. HP: 18/18 MP: 1/1
   345 | D:1      | Gained mutation: When hurt, damage is shared between your
                  | health and your magic reserves. [demonic ancestry]
   345 | D:1      | Reached XP level 2. HP: 24/24 MP: 2/2
   486 | D:1      | You fall into a shaft and drop 1 floor!
   687 | D:2      | Noticed a phantom
  1323 | D:2      | Reached XP level 3. HP: 29/29 MP: 3/3
  1714 | D:2      | Killed a phantom
  1715 | D:2      | Gained mutation: Your flesh is cold resistant. (rC+)
                  | [demonic ancestry]
  1715 | D:2      | Reached XP level 4. HP: 7/37 MP: 2/4
  2441 | D:3      | Reached XP level 5. HP: 37/42 MP: 3/5
  2527 | D:3      | Found a shimmering altar of Xom.
  2531 | D:3      | Found an opulent altar of Gozag.
  2598 | D:3      | Noticed Natasha
  2616 | D:3      | Killed Natasha
  3138 | D:3      | Found a sacrificial altar of Ru.
  3286 | D:3      | Noticed Natasha
  3294 | D:3      | Killed Natasha
  3529 | D:3      | Noticed Natasha
  3538 | D:3      | Killed Natasha
  3548 | D:3      | Became a worshipper of Gozag Ym Sagoz the Greedy
  3663 | D:4      | Noticed Grinder
  3667 | D:4      | Found a staircase to the Ecumenical Temple.
  3673 | D:4      | Paralysed by Grinder for 4 turns
  3678 | D:4      | Paralysed by Grinder for 7 turns
  3689 | D:4      | Paralysed by Grinder for 7 turns
  3698 | D:4      | Slain by Grinder

Illustrated notes

Levels and vault maps discovered:
D:1:      nicolae_arrival_somewhat_less_tricky_arrival, layout_basic
D:2:      layout_basic
D:3:      layout_basic, grunt_temple_overflow_open, lemuel_doored_altar,
          uniq_natasha
D:4:      layout_gridville, overflow_temple_1_default, general_overflow_altar,
          minmay_temple_entry_mist, uniq_grinder

Skill      XL: |  1  2  3  4  5 |
---------------+----------------+-----
Polearms       | 2 |  2.2
Armour         | 3 4 |  4.0
Shields        | 3 4 |  4.0
Fighting       | 4 |  4.3

Action                   |  1- 3 |  4- 6 || total
-------------------------+-------+-------++-------
Melee: Trident           |    53 |       ||    53
       Dagger            |    52 |    96 ||   148
Armor: Scale mail        |    28 |    60 ||    88
Dodge: Dodged            |    21 |    28 ||    49
Block: Kite shield       |    32 |    48 ||    80
